[ PARTIDA AOE2 · #507212787 ]
UnrankedItalianos vs Persians
[ ANÁLISIS DE REPETICIÓN · EXTRAÍDO DE LA PARTIDA GRABADA ]
Feudal
12:27
Castillos
22:26
Imperial
35:14
| APM promedio | 51.9 |
| APM pico | 140 |
| eAPM promedio | 24.2 |
| Aldeanos / militares | 135 / 143 |
Foco
⚔️ 31.5% · 🌾 68.5%
Archer ×104 · Knight ×15 · Fishing Ship ×13 · Mangonel ×8 · Trebuchet (Packed) ×5 · Genoese Crossbowman ×5
Feudal
12:43
Castillos
17:07
Imperial
41:20
| APM promedio | 46.3 |
| APM pico | 84 |
| eAPM promedio | 24.8 |
| Aldeanos / militares | 139 / 67 |
Foco
⚔️ 30.8% · 🌾 69.2%
Scout Cavalry ×47 · Mangonel ×8 · Skirmisher ×5 · Fishing Ship ×3 · Monk ×2 · Scorpion ×2
Feudal
13:15
Castillos
20:28
Imperial
37:51
| APM promedio | 50.6 |
| APM pico | 90 |
| eAPM promedio | 30.2 |
| Aldeanos / militares | 173 / 125 |
Foco
⚔️ 38.7% · 🌾 61.3%
Elephant Archer ×81 · Unknown (882) ×54 · Unknown (2626) ×23 · Galley ×18 · Fishing Ship ×18 · Mangonel ×9
Feudal
13:51
Castillos
20:55
Imperial
35:44
| APM promedio | 35.9 |
| APM pico | 72 |
| eAPM promedio | 19.0 |
| Aldeanos / militares | 157 / 94 |
Foco
⚔️ 26.8% · 🌾 73.2%
Skirmisher ×52 · Unknown (2626) ×15 · Archer ×8 · Galley ×8 · Bombard Cannon ×8 · Fishing Ship ×7
Mapa de la partida
Recursos iniciales + cada clic de construcción. Líneas = muros · curvas = relieve. ◆ oro · ⬟ piedra · ● bayas · ✦ reliquia · ◌ hueco del cierre
Tu base· Abierta — hueco de 11t
Base de HelloAOE· Abierta — hueco de 15t
Base de AiM | Foreign Dish· Abierta — hueco de 5t
Base de saksham· Abierta — flanco sin cerrar
Terreno inicial suavizado · ◌ = hueco del cierre detectado · pasá el cursor para detalles
Inputs por minuto
— Eldiano - - HelloAOE
Build order — Eldiano
Primeras 150 de 465 acciones detectadas
| 0:36 | Construir | Town Center |
| 1:00 | Construir | Dock |
| 1:11 | Construir | House |
| 2:46 | Investigar | Loom |
| 2:47 | Encolar | Villager (Male) |
| 2:47 | Encolar | Villager (Male) |
| 3:10 | Encolar | Villager (Male) |
| 3:10 | Encolar | Villager (Male) |
| 4:37 | Encolar | Villager (Male) |
| 5:03 | Encolar | Villager (Male) |
| 5:05 | Encolar | Villager (Male) |
| 5:05 | Encolar | Villager (Male) |
| 5:36 | Encolar | Villager (Male) |
| 5:47 | Encolar | Villager (Male) |
| 6:13 | Encolar | Fishing Ship |
| 6:38 | Encolar | Villager (Male) |
| 6:49 | Construir | House |
| 7:20 | Encolar | Villager (Male) |
| 7:31 | Construir | House |
| 7:38 | Encolar | Fishing Ship |
| 8:04 | Encolar | Villager (Male) |
| 8:29 | Encolar | Villager (Male) |
| 8:41 | Construir | Mill |
| 8:54 | Encolar | Villager (Male) |
| 9:00 | Encolar | Fishing Ship |
| 9:22 | Encolar | Villager (Male) |
| 9:50 | Encolar | Villager (Male) |
| 9:59 | Construir | House |
| 10:17 | Investigar | Feudal Age |
| 10:56 | Construir | Barracks |
| 11:04 | Construir | House |
| 12:27 | Edad | Edad Feudal |
| 12:30 | Construir | Archery Range |
| 12:35 | Encolar | Villager (Male) |
| 12:42 | Construir | Lumber Camp |
| 12:43 | Encolar | Villager (Male) |
| 13:06 | Encolar | Villager (Male) |
| 13:08 | Construir | House |
| 13:10 | Construir | House |
| 13:24 | Encolar | Archer |
| 13:24 | Encolar | Archer |
| 13:25 | Encolar | Archer |
| 13:40 | Encolar | Villager (Male) |
| 13:42 | Investigar | Double-Bit Axe |
| 13:51 | Construir | Palisade Gate |
| 13:56 | Construir | House |
| 14:00 | Encolar | Villager (Male) |
| 14:22 | Encolar | Villager (Male) |
| 14:27 | Construir | Blacksmith |
| 14:49 | Encolar | Archer |
| 14:49 | Encolar | Archer |
| 15:02 | Construir | House |
| 15:05 | Encolar | Archer |
| 15:24 | Encolar | Villager (Male) |
| 15:24 | Encolar | Villager (Male) |
| 15:36 | Investigar | Fletching |
| 15:38 | Construir | House |
| 15:39 | Construir | House |
| 15:41 | Encolar | Villager (Male) |
| 16:03 | Construir | House |
| 16:04 | Construir | House |
| 16:05 | Construir | House |
| 16:31 | Encolar | Villager (Male) |
| 16:47 | Encolar | Fishing Ship |
| 16:48 | Investigar | Tech 906 |
| 16:49 | Encolar | Fishing Ship |
| 17:02 | Construir | Farm |
| 17:02 | Encolar | Villager (Male) |
| 17:03 | Encolar | Villager (Male) |
| 17:20 | Encolar | Villager (Male) |
| 17:53 | Encolar | Villager (Male) |
| 17:53 | Encolar | Villager (Male) |
| 18:07 | Construir | Farm |
| 18:08 | Construir | Farm |
| 18:08 | Construir | Farm |
| 18:08 | Construir | Farm |
| 18:08 | Construir | Farm |
| 18:13 | Construir | Market |
| 18:22 | Encolar | Demolition Raft |
| 19:06 | Encolar | Villager (Male) |
| 19:09 | Construir | Mining Camp |
| 19:24 | Encolar | Demolition Raft |
| 19:24 | Encolar | Demolition Raft |
| 19:46 | Investigar | Castle Age |
| 19:51 | Construir | Palisade Wall |
| 19:59 | Encolar | Fishing Ship |
| 19:59 | Encolar | Fishing Ship |
| 20:06 | Investigar | Wheelbarrow |
| 20:23 | Construir | Dock |
| 20:51 | Construir | Archery Range |
| 20:57 | Encolar | Archer |
| 20:58 | Encolar | Archer |
| 21:05 | Encolar | Fishing Ship |
| 21:05 | Encolar | Fishing Ship |
| 21:16 | Construir | Palisade Wall |
| 21:22 | Investigar | Padded Archer Armor |
| 21:25 | Construir | Farm |
| 21:50 | Encolar | Archer |
| 21:50 | Encolar | Archer |
| 21:51 | Encolar | Archer |
| 21:51 | Encolar | Archer |
| 21:52 | Encolar | Archer |
| 22:01 | Investigar | Gold Mining |
| 22:08 | Encolar | Fishing Ship |
| 22:14 | Construir | House |
| 22:15 | Construir | House |
| 22:16 | Construir | House |
| 22:26 | Edad | Edad de los Castillos |
| 22:32 | Investigar | Crossbowman (upgrade) |
| 22:33 | Investigar | Bodkin Arrow |
| 22:52 | Construir | Siege Workshop |
| 22:59 | Encolar | Villager (Male) |
| 23:10 | Encolar | Archer |
| 23:10 | Encolar | Archer |
| 23:11 | Encolar | Archer |
| 23:11 | Encolar | Archer |
| 23:12 | Encolar | Villager (Male) |
| 23:17 | Encolar | Villager (Male) |
| 23:31 | Encolar | Archer |
| 23:32 | Encolar | Archer |
| 23:32 | Encolar | Archer |
| 23:33 | Encolar | Villager (Male) |
| 23:38 | Construir | Farm |
| 23:50 | Investigar | Leather Archer Armor |
| 24:07 | Construir | House |
| 24:22 | Construir | House |
| 24:23 | Encolar | Mangonel |
| 24:25 | Encolar | Villager (Male) |
| 24:29 | Construir | Mining Camp |
| 24:42 | Encolar | Villager (Male) |
| 24:45 | Investigar | Town Watch |
| 25:13 | Encolar | Mangonel |
| 25:27 | Encolar | Villager (Male) |
| 25:27 | Encolar | Villager (Male) |
| 25:29 | Encolar | Archer |
| 25:29 | Encolar | Archer |
| 25:29 | Encolar | Archer |
| 25:35 | Encolar | Villager (Male) |
| 25:39 | Encolar | Mangonel |
| 25:51 | Encolar | Archer |
| 25:51 | Encolar | Archer |
| 26:28 | Encolar | Villager (Male) |
| 26:35 | Encolar | Archer |
| 26:35 | Encolar | Archer |
| 26:37 | Encolar | Villager (Male) |
| 26:43 | Construir | Farm |
| 26:43 | Construir | Farm |
| 27:40 | Encolar | Villager (Male) |
| 27:42 | Construir | Farm |
| 27:46 | Encolar | Villager (Male) |
Build order — HelloAOE
Primeras 150 de 348 acciones detectadas
| 0:27 | Construir | Town Center |
| 0:54 | Construir | Dock |
| 0:56 | Construir | House |
| 2:37 | Encolar | Villager (Male) |
| 2:37 | Encolar | Villager (Male) |
| 2:38 | Encolar | Villager (Male) |
| 2:40 | Encolar | Fishing Ship |
| 2:57 | Encolar | Villager (Male) |
| 2:58 | Encolar | Villager (Male) |
| 3:52 | Construir | House |
| 4:05 | Encolar | Villager (Male) |
| 4:37 | Construir | House |
| 5:00 | Investigar | Loom |
| 5:23 | Encolar | Fishing Ship |
| 5:30 | Construir | House |
| 5:55 | Encolar | Villager (Male) |
| 5:55 | Encolar | Villager (Male) |
| 5:55 | Encolar | Villager (Male) |
| 5:55 | Encolar | Villager (Male) |
| 6:32 | Encolar | Fishing Ship |
| 6:52 | Encolar | Villager (Male) |
| 6:52 | Encolar | Villager (Male) |
| 7:03 | Encolar | Villager (Male) |
| 7:24 | Construir | House |
| 7:34 | Encolar | Villager (Male) |
| 7:37 | Construir | House |
| 7:54 | Encolar | Villager (Male) |
| 7:54 | Encolar | Villager (Male) |
| 8:11 | Encolar | Villager (Male) |
| 8:25 | Encolar | Villager (Male) |
| 8:44 | Construir | Mill |
| 8:56 | Construir | House |
| 9:27 | Encolar | Villager (Male) |
| 10:01 | Encolar | Villager (Male) |
| 10:31 | Construir | House |
| 10:39 | Investigar | Feudal Age |
| 10:49 | Construir | Mining Camp |
| 11:41 | Encolar | Villager (Male) |
| 11:47 | Construir | Palisade Wall |
| 12:09 | Construir | Barracks |
| 12:18 | Encolar | Villager (Male) |
| 12:43 | Edad | Edad Feudal |
| 13:16 | Construir | Archery Range |
| 13:46 | Construir | Blacksmith |
| 14:41 | Investigar | Castle Age |
| 15:55 | Encolar | Skirmisher |
| 15:55 | Encolar | Skirmisher |
| 16:20 | Construir | Farm |
| 16:40 | Encolar | Skirmisher |
| 16:44 | Construir | Farm |
| 17:07 | Edad | Edad de los Castillos |
| 17:12 | Encolar | Skirmisher |
| 17:17 | Investigar | Elite Skirmisher (upgrade) |
| 17:17 | Investigar | Elite Skirmisher (upgrade) |
| 17:26 | Construir | Farm |
| 17:28 | Construir | Farm |
| 17:30 | Construir | Farm |
| 17:36 | Encolar | Villager (Male) |
| 18:04 | Encolar | Skirmisher |
| 18:26 | Construir | Farm |
| 18:32 | Construir | Farm |
| 18:39 | Encolar | Villager (Male) |
| 19:25 | Investigar | Fletching |
| 19:26 | Encolar | Villager (Male) |
| 19:53 | Construir | Town Center |
| 20:01 | Encolar | Villager (Male) |
| 20:12 | Encolar | Villager (Male) |
| 20:21 | Construir | Farm |
| 20:58 | Construir | Farm |
| 21:01 | Encolar | Villager (Male) |
| 21:10 | Construir | House |
| 21:11 | Construir | House |
| 21:35 | Encolar | Villager (Male) |
| 21:41 | Encolar | Villager (Male) |
| 22:02 | Encolar | Villager (Male) |
| 22:15 | Construir | Siege Workshop |
| 22:24 | Encolar | Villager (Male) |
| 22:27 | Construir | Lumber Camp |
| 22:37 | Encolar | Villager (Male) |
| 22:46 | Encolar | Villager (Male) |
| 23:28 | Encolar | Mangonel |
| 23:42 | Construir | Outpost |
| 23:42 | Encolar | Villager (Male) |
| 23:48 | Encolar | Villager (Male) |
| 23:48 | Encolar | Villager (Male) |
| 24:00 | Encolar | Villager (Male) |
| 24:15 | Construir | House |
| 24:16 | Construir | House |
| 24:32 | Construir | Monastery |
| 24:36 | Construir | Farm |
| 24:38 | Encolar | Villager (Male) |
| 24:38 | Encolar | Villager (Male) |
| 24:39 | Encolar | Villager (Male) |
| 25:02 | Encolar | Mangonel |
| 25:04 | Encolar | Villager (Male) |
| 25:34 | Encolar | Villager (Male) |
| 25:53 | Encolar | Scorpion |
| 25:53 | Encolar | Scorpion |
| 25:54 | Encolar | Villager (Male) |
| 26:01 | Encolar | Villager (Male) |
| 26:04 | Construir | Farm |
| 26:09 | Encolar | Villager (Male) |
| 26:20 | Encolar | Villager (Male) |
| 26:44 | Encolar | Villager (Male) |
| 26:56 | Encolar | Villager (Male) |
| 27:09 | Encolar | Villager (Male) |
| 27:20 | Construir | Mining Camp |
| 27:22 | Construir | House |
| 27:28 | Encolar | Villager (Male) |
| 27:43 | Encolar | Villager (Male) |
| 27:46 | Encolar | Monk |
| 27:47 | Encolar | Monk |
| 28:51 | Encolar | Villager (Male) |
| 28:52 | Construir | Farm |
| 28:53 | Construir | Farm |
| 29:01 | Encolar | Villager (Male) |
| 29:10 | Encolar | Villager (Male) |
| 29:10 | Encolar | Villager (Male) |
| 29:23 | Encolar | Villager (Male) |
| 29:31 | Construir | House |
| 29:33 | Construir | House |
| 29:34 | Encolar | Villager (Male) |
| 30:08 | Encolar | Villager (Male) |
| 30:35 | Encolar | Mangonel |
| 30:55 | Construir | House |
| 30:59 | Encolar | Villager (Male) |
| 31:08 | Encolar | Villager (Male) |
| 31:26 | Encolar | Villager (Male) |
| 31:32 | Construir | Town Center |
| 31:35 | Encolar | Villager (Male) |
| 31:55 | Encolar | Villager (Male) |
| 31:58 | Construir | Farm |
| 31:58 | Construir | Farm |
| 31:58 | Construir | Farm |
| 31:59 | Construir | Farm |
| 31:59 | Construir | Farm |
| 31:59 | Construir | Farm |
| 32:02 | Construir | Farm |
| 32:03 | Construir | Farm |
| 32:05 | Investigar | Double-Bit Axe |
| 32:24 | Construir | Farm |
| 32:24 | Construir | Farm |
| 32:42 | Encolar | Villager (Male) |
| 32:43 | Encolar | Battering Ram |
| 32:45 | Encolar | Villager (Male) |
| 32:50 | Encolar | Villager (Male) |
| 32:54 | Encolar | Villager (Male) |
| 33:01 | Construir | Farm |
| 33:01 | Construir | Farm |
| 33:01 | Construir | Farm |
Build order — AiM | Foreign Dish
Primeras 150 de 546 acciones detectadas
| 0:22 | Construir | Town Center |
| 0:52 | Construir | Dock |
| 0:58 | Construir | Palisade Wall |
| 0:58 | Construir | Palisade Wall |
| 2:36 | Encolar | Villager (Male) |
| 2:36 | Encolar | Villager (Male) |
| 2:38 | Encolar | Villager (Male) |
| 2:39 | Encolar | Villager (Male) |
| 2:39 | Encolar | Villager (Male) |
| 3:27 | Encolar | Fishing Ship |
| 3:34 | Investigar | Loom |
| 3:37 | Encolar | Villager (Male) |
| 3:37 | Encolar | Villager (Male) |
| 3:37 | Encolar | Villager (Male) |
| 4:06 | Construir | House |
| 4:19 | Encolar | Villager (Male) |
| 4:33 | Construir | Palisade Wall |
| 5:17 | Encolar | Fishing Ship |
| 5:29 | Construir | House |
| 5:30 | Construir | Palisade Wall |
| 5:42 | Encolar | Villager (Male) |
| 5:43 | Encolar | Villager (Male) |
| 5:43 | Encolar | Villager (Male) |
| 5:43 | Encolar | Villager (Male) |
| 5:47 | Encolar | Fishing Ship |
| 6:22 | Encolar | Fishing Ship |
| 6:33 | Encolar | Villager (Male) |
| 6:33 | Encolar | Villager (Male) |
| 6:33 | Encolar | Villager (Male) |
| 6:33 | Encolar | Villager (Male) |
| 6:33 | Encolar | Villager (Male) |
| 6:51 | Encolar | Villager (Male) |
| 6:51 | Encolar | Villager (Male) |
| 7:08 | Construir | House |
| 7:09 | Construir | Palisade Wall |
| 7:12 | Encolar | Fishing Ship |
| 7:33 | Encolar | Villager (Male) |
| 7:48 | Encolar | Villager (Male) |
| 8:08 | Encolar | Fishing Ship |
| 8:19 | Encolar | Villager (Male) |
| 8:41 | Construir | Palisade Wall |
| 8:46 | Encolar | Villager (Male) |
| 8:48 | Encolar | Villager (Male) |
| 8:55 | Construir | Lumber Camp |
| 8:59 | Encolar | Villager (Male) |
| 9:04 | Encolar | Villager (Male) |
| 9:53 | Construir | Palisade Wall |
| 9:59 | Encolar | Fishing Ship |
| 10:37 | Encolar | Villager (Male) |
| 10:41 | Construir | House |
| 11:05 | Investigar | Feudal Age |
| 11:05 | Investigar | Feudal Age |
| 11:10 | Construir | Mining Camp |
| 11:20 | Construir | Dock |
| 11:35 | Encolar | Villager (Male) |
| 11:49 | Construir | Palisade Wall |
| 12:05 | Encolar | Villager (Male) |
| 12:31 | Construir | House |
| 12:40 | Encolar | Villager (Male) |
| 12:54 | Encolar | Villager (Male) |
| 12:59 | Construir | Mill |
| 13:12 | Encolar | Villager (Male) |
| 13:15 | Edad | Edad Feudal |
| 13:18 | Encolar | Unit 2626 |
| 13:18 | Encolar | Unit 2626 |
| 13:18 | Encolar | Unit 2626 |
| 13:22 | Encolar | Villager (Male) |
| 13:23 | Encolar | Villager (Male) |
| 13:25 | Investigar | Double-Bit Axe |
| 13:41 | Encolar | Villager (Male) |
| 13:43 | Construir | House |
| 13:45 | Construir | House |
| 13:47 | Encolar | Villager (Male) |
| 14:04 | Encolar | Demolition Raft |
| 14:05 | Encolar | Demolition Raft |
| 14:10 | Encolar | Unit 2626 |
| 14:10 | Encolar | Unit 2626 |
| 14:10 | Encolar | Unit 2626 |
| 14:14 | Encolar | Villager (Male) |
| 14:32 | Encolar | Demolition Raft |
| 14:33 | Encolar | Demolition Raft |
| 14:40 | Encolar | Villager (Male) |
| 14:41 | Encolar | Villager (Male) |
| 14:48 | Encolar | Villager (Male) |
| 14:55 | Construir | Market |
| 15:10 | Encolar | Galley |
| 15:10 | Encolar | Galley |
| 15:14 | Encolar | Fire Galley |
| 15:14 | Encolar | Fire Galley |
| 15:14 | Encolar | Fire Galley |
| 15:15 | Encolar | Villager (Male) |
| 15:15 | Encolar | Villager (Male) |
| 15:16 | Encolar | Villager (Male) |
| 15:58 | Construir | House |
| 15:59 | Construir | Farm |
| 16:08 | Encolar | Unit 2626 |
| 16:09 | Encolar | Unit 2626 |
| 16:25 | Encolar | Unit 2626 |
| 16:30 | Construir | Farm |
| 16:41 | Encolar | Villager (Male) |
| 17:11 | Construir | Market |
| 17:16 | Construir | Blacksmith |
| 17:19 | Encolar | Villager (Male) |
| 17:19 | Encolar | Villager (Male) |
| 17:28 | Encolar | Unit 2626 |
| 17:28 | Encolar | Unit 2626 |
| 17:29 | Encolar | Unit 2626 |
| 17:29 | Encolar | Unit 2626 |
| 17:37 | Encolar | Villager (Male) |
| 17:48 | Investigar | Castle Age |
| 17:49 | Investigar | Castle Age |
| 18:02 | Encolar | Villager (Male) |
| 18:36 | Encolar | Fishing Ship |
| 18:36 | Encolar | Fishing Ship |
| 18:44 | Investigar | Horse Collar |
| 18:51 | Investigar | Tech 906 |
| 18:52 | Encolar | Villager (Male) |
| 19:21 | Construir | Dock |
| 19:29 | Encolar | Villager (Male) |
| 19:51 | Encolar | Villager (Male) |
| 20:28 | Edad | Edad de los Castillos |
| 20:32 | Investigar | War Galley (upgrade) |
| 20:34 | Encolar | Villager (Male) |
| 20:43 | Encolar | Unit 2626 |
| 20:44 | Encolar | Unit 2626 |
| 20:46 | Encolar | Unit 2626 |
| 20:46 | Encolar | Unit 2626 |
| 20:46 | Encolar | Unit 2626 |
| 20:50 | Encolar | Unit 2626 |
| 20:50 | Encolar | Unit 2626 |
| 20:57 | Construir | Siege Workshop |
| 21:23 | Construir | Gate |
| 21:24 | Encolar | Villager (Male) |
| 21:29 | Construir | Stone Wall |
| 21:41 | Encolar | Scorpion |
| 21:50 | Encolar | Mangonel |
| 21:51 | Encolar | Villager (Male) |
| 21:54 | Construir | Town Center |
| 22:08 | Encolar | Unit 2626 |
| 22:09 | Encolar | Unit 2626 |
| 22:14 | Encolar | Villager (Male) |
| 22:21 | Construir | Stone Wall |
| 22:25 | Encolar | Villager (Male) |
| 22:25 | Encolar | Villager (Male) |
| 22:26 | Encolar | Villager (Male) |
| 22:42 | Encolar | Villager (Male) |
| 22:48 | Encolar | Villager (Male) |
| 22:49 | Encolar | Villager (Male) |
| 22:49 | Encolar | Villager (Male) |
| 22:53 | Encolar | Villager (Male) |
Build order — saksham
Primeras 150 de 449 acciones detectadas
| 0:20 | Construir | Town Center |
| 2:10 | Construir | Dock |
| 3:08 | Encolar | Villager (Male) |
| 3:09 | Encolar | Villager (Male) |
| 3:09 | Encolar | Villager (Male) |
| 3:09 | Encolar | Villager (Male) |
| 3:12 | Construir | House |
| 4:33 | Encolar | Fishing Ship |
| 4:35 | Encolar | Villager (Male) |
| 4:57 | Construir | House |
| 5:12 | Investigar | Loom |
| 5:28 | Encolar | Villager (Male) |
| 5:28 | Encolar | Villager (Male) |
| 5:28 | Encolar | Villager (Male) |
| 5:40 | Encolar | Fishing Ship |
| 5:53 | Encolar | Villager (Male) |
| 5:53 | Encolar | Villager (Male) |
| 6:25 | Construir | House |
| 6:34 | Encolar | Villager (Male) |
| 6:34 | Encolar | Villager (Male) |
| 6:41 | Encolar | Fishing Ship |
| 6:57 | Encolar | Villager (Male) |
| 6:58 | Encolar | Villager (Male) |
| 6:58 | Encolar | Villager (Male) |
| 7:14 | Encolar | Villager (Male) |
| 7:14 | Encolar | Villager (Male) |
| 7:14 | Encolar | Villager (Male) |
| 7:35 | Encolar | Villager (Male) |
| 7:35 | Encolar | Villager (Male) |
| 7:35 | Encolar | Villager (Male) |
| 7:37 | Encolar | Fishing Ship |
| 7:59 | Encolar | Villager (Male) |
| 7:59 | Encolar | Villager (Male) |
| 8:11 | Construir | House |
| 8:12 | Encolar | Fishing Ship |
| 8:34 | Encolar | Villager (Male) |
| 8:34 | Encolar | Villager (Male) |
| 8:52 | Encolar | Villager (Male) |
| 9:14 | Encolar | Villager (Male) |
| 9:16 | Construir | Mill |
| 9:21 | Construir | House |
| 9:49 | Encolar | Villager (Male) |
| 10:06 | Encolar | Villager (Male) |
| 10:17 | Encolar | Fishing Ship |
| 10:22 | Encolar | Villager (Male) |
| 10:46 | Encolar | Villager (Male) |
| 10:53 | Construir | House |
| 11:14 | Investigar | Feudal Age |
| 11:18 | Encolar | Fishing Ship |
| 11:57 | Construir | Mining Camp |
| 12:14 | Encolar | Villager (Male) |
| 12:22 | Construir | Lumber Camp |
| 13:20 | Construir | Dock |
| 13:51 | Edad | Edad Feudal |
| 13:57 | Encolar | Unit 2626 |
| 13:58 | Encolar | Unit 2626 |
| 14:06 | Encolar | Villager (Male) |
| 14:07 | Investigar | Double-Bit Axe |
| 14:24 | Investigar | Town Watch |
| 14:35 | Encolar | Unit 2626 |
| 14:46 | Encolar | Unit 2626 |
| 14:49 | Encolar | Villager (Male) |
| 15:09 | Construir | House |
| 15:22 | Encolar | Galley |
| 15:25 | Encolar | Villager (Male) |
| 16:08 | Construir | Blacksmith |
| 16:10 | Encolar | Villager (Male) |
| 16:24 | Encolar | Unit 2626 |
| 16:27 | Encolar | Villager (Male) |
| 16:40 | Construir | House |
| 17:24 | Encolar | Villager (Male) |
| 17:32 | Construir | Market |
| 17:44 | Encolar | Villager (Male) |
| 17:55 | Investigar | Castle Age |
| 18:05 | Construir | Barracks |
| 18:19 | Encolar | Villager (Male) |
| 18:40 | Encolar | Unit 2626 |
| 18:47 | Encolar | Galley |
| 19:07 | Construir | Lumber Camp |
| 19:19 | Construir | Mining Camp |
| 19:31 | Construir | Palisade Gate |
| 20:04 | Encolar | Unit 2626 |
| 20:54 | Investigar | Fletching |
| 20:55 | Edad | Edad de los Castillos |
| 20:55 | Encolar | Villager (Male) |
| 21:14 | Construir | Town Center |
| 21:22 | Encolar | Unit 2626 |
| 21:24 | Investigar | War Galley (upgrade) |
| 21:26 | Encolar | Villager (Male) |
| 21:33 | Encolar | Unit 2626 |
| 21:36 | Encolar | Villager (Male) |
| 22:02 | Construir | Town Center |
| 22:06 | Investigar | Bodkin Arrow |
| 22:11 | Encolar | Unit 2626 |
| 22:15 | Encolar | Unit 2626 |
| 22:17 | Construir | House |
| 22:19 | Encolar | Villager (Male) |
| 22:39 | Encolar | Galley |
| 22:39 | Encolar | Galley |
| 22:42 | Encolar | Villager (Male) |
| 22:52 | Construir | House |
| 22:54 | Encolar | Villager (Male) |
| 22:55 | Encolar | Villager (Male) |
| 23:08 | Encolar | Demolition Raft |
| 23:40 | Encolar | Villager (Male) |
| 23:50 | Encolar | Galley |
| 23:50 | Encolar | Galley |
| 23:52 | Encolar | Villager (Male) |
| 23:52 | Encolar | Villager (Male) |
| 23:55 | Encolar | Villager (Male) |
| 23:58 | Investigar | Wheelbarrow |
| 23:58 | Encolar | Villager (Male) |
| 24:00 | Encolar | Villager (Male) |
| 24:01 | Encolar | Villager (Male) |
| 24:19 | Encolar | Unit 2626 |
| 24:19 | Encolar | Unit 2626 |
| 24:33 | Encolar | Villager (Male) |
| 24:34 | Encolar | Villager (Male) |
| 24:34 | Encolar | Villager (Male) |
| 24:47 | Encolar | Fire Galley |
| 25:25 | Encolar | Galley |
| 25:30 | Encolar | Villager (Male) |
| 25:39 | Construir | Siege Workshop |
| 25:49 | Construir | Farm |
| 25:49 | Construir | Farm |
| 25:49 | Construir | Farm |
| 25:50 | Construir | Farm |
| 25:50 | Construir | Farm |
| 25:50 | Construir | Farm |
| 25:57 | Construir | Farm |
| 25:57 | Construir | Farm |
| 25:57 | Construir | Farm |
| 25:58 | Construir | Farm |
| 25:58 | Construir | Farm |
| 25:58 | Construir | Farm |
| 26:07 | Construir | Lumber Camp |
| 26:12 | Encolar | Mangonel |
| 26:15 | Encolar | Villager (Male) |
| 26:15 | Encolar | Villager (Male) |
| 26:26 | Construir | Farm |
| 26:28 | Construir | Farm |
| 26:52 | Encolar | Galley |
| 26:54 | Encolar | Villager (Male) |
| 26:55 | Encolar | Villager (Male) |
| 27:01 | Encolar | Mangonel |
| 27:06 | Encolar | Villager (Male) |
| 27:07 | Encolar | Villager (Male) |
| 27:35 | Encolar | Villager (Male) |
| 27:38 | Construir | Farm |
| 27:39 | Encolar | Villager (Male) |
Cronología de la partida
| 0:52 | AiM | Foreign Dish · first_building Dock |
| 0:54 | HelloAOE · first_building Dock |
| 0:58 | AiM | Foreign Dish · wall_segment Palisade Wall x1 |
| 0:58 | AiM | Foreign Dish · wall_segment Palisade Wall x1 |
| 1:00 | Eldiano · first_building Dock |
| 2:10 | saksham · first_building Dock |
| 4:33 | AiM | Foreign Dish · wall_segment Palisade Wall x1 |
| 5:30 | AiM | Foreign Dish · wall_segment Palisade Wall x1 |
| 7:09 | AiM | Foreign Dish · wall_segment Palisade Wall x1 |
| 8:41 | AiM | Foreign Dish · wall_segment Palisade Wall x5 |
| 9:53 | AiM | Foreign Dish · wall_segment Palisade Wall x6 |
| 10:56 | Eldiano · first_building Barracks |
| 11:47 | HelloAOE · wall_segment Palisade Wall x1 |
| 11:49 | AiM | Foreign Dish · wall_segment Palisade Wall x8 |
| 12:09 | HelloAOE · first_building Barracks |
| 12:27 | Eldiano · age_up feudal |
| 12:30 | Eldiano · first_building Archery Range |
| 12:43 | HelloAOE · age_up feudal |
| 13:15 | AiM | Foreign Dish · age_up feudal |
| 13:16 | HelloAOE · first_building Archery Range |
| 13:51 | saksham · age_up feudal |
| 17:07 | HelloAOE · age_up castle |
| 17:47 | AiM | Foreign Dish · first_market_sell 100 food |
| 18:05 | saksham · first_building Barracks |
| 19:17 | AiM | Foreign Dish · first_market_buy 100 wood |
| 19:34 | Eldiano · first_market_sell 100 wood |
| 19:34 | Eldiano · first_market_buy 100 food |
| 19:51 | Eldiano · wall_segment Palisade Wall x9 |
| 20:28 | AiM | Foreign Dish · age_up castle |
| 20:55 | saksham · age_up castle |
| 20:57 | AiM | Foreign Dish · first_building Siege Workshop |
| 21:16 | Eldiano · wall_segment Palisade Wall x5 |
| 21:29 | AiM | Foreign Dish · wall_segment Stone Wall x6 |
| 22:15 | HelloAOE · first_building Siege Workshop |
| 22:21 | AiM | Foreign Dish · wall_segment Stone Wall x4 |
| 22:26 | Eldiano · age_up castle |
| 22:52 | Eldiano · first_building Siege Workshop |
| 24:32 | HelloAOE · first_building Monastery |
| 25:39 | saksham · first_building Siege Workshop |
| 31:24 | saksham · first_building Castle |
| 31:26 | Eldiano · first_building Monastery |
| 32:16 | saksham · first_building Monastery |
| 32:32 | saksham · first_market_buy 100 food |
| 32:46 | Eldiano · first_building Castle |
| 33:34 | saksham · first_building Archery Range |
| 34:12 | HelloAOE · first_building Stable |
| 35:14 | Eldiano · age_up imperial |
| 35:44 | saksham · age_up imperial |
| 36:16 | AiM | Foreign Dish · first_building Barracks |
| 37:51 | AiM | Foreign Dish · age_up imperial |
| 38:25 | AiM | Foreign Dish · first_building Archery Range |
| 38:48 | AiM | Foreign Dish · wall_segment Stone Wall x3 |
| 39:09 | AiM | Foreign Dish · first_building Castle |
| 40:11 | AiM | Foreign Dish · wall_segment Stone Wall x3 |
| 40:29 | Eldiano · first_building Stable |
| 41:20 | HelloAOE · age_up imperial |
| 48:55 | HelloAOE · first_building Castle |
| 52:39 | saksham · resign |
[ ANÁLISIS IA · 1 CRÉDITO ]
¿Qué pasó realmente en esta partida?
Wolo.gg analiza cada decisión: build order, eco, micro, errores típicos por bracket. Análisis personalizado por WhatsApp o Discord en 30 segundos.
Guía civ
Italianos
Perfil
Jugador #6715815